 Dungeon Crawl Stone Soup version 0.16.2-12-gd0ad4c3 (webtiles) character file.

14 SlimeFever the Caller (level 2, -3/19 HPs)
             Began as a Mummy Summoner on Mar 3, 2016.
             Slain by a hobgoblin
             ... wielding a +0 club
              (4 damage)
             ... on level 1 of the Dungeon.
             The game lasted 00:04:47 (409 turns).

SlimeFever the Caller (Mummy Summoner)               Turns: 409, Time: 00:04:48

Health: -3/19      AC:  2    Str: 11    XL:     2   Next: 27%
Magic:  0/4        EV: 12    Int: 14    God:
Gold:   11         SH:  0    Dex: 12    Spells: 2 memorised, 2 levels left

rFire  x . .     SeeInvis +     e - +0 whip
rCold  + . .     Clarity  .     a - +0 robe
rNeg   + + +     SustAb   .     (no shield)
rPois  ∞         Gourm    .     (no helmet)
rElec  .         Spirit   .     (no cloak)
rCorr  .         Warding  .     (no gloves)
rMut   .         Stasis   .     (no boots)
MR     .....                    (no amulet)
Stlth  ++........               (no ring)
                                d - ring of see invisible

@: very slightly contaminated, not resistant to hostile enchantments, unstealthy
A: no food or potions, fire vulnerability, restore body, cold resistance 1,
negative energy resistance 3, poison resistance, torment resistance, unbreathing
a: no special abilities


You were on level 1 of the Dungeon.
You were not hungry.

You visited 1 branch of the dungeon, and saw 1 of its levels.

You collected 11 gold pieces.

Inventory:

Hand weapons
 e - a +0 whip (weapon)
Missiles
 c - 29 bolts
 h - 10 poisoned needles
Armour
 a - a +0 robe (worn)
Jewellery
 d - a ring of see invisible (left hand)
Scrolls
 f - a scroll of magic mapping {unknown}
 g - a scroll of teleportation {unknown}
Books
 b - a book of Callings

   Spells                             Type                      Level
   a - Summon Small Mammal            Summoning                    1
   b - Call Imp                       Summoning                    2
   c - Call Canine Familiar           Summoning                    3
   d - Summon Guardian Golem          Hexes/Summoning              4
   e - Summon Lightning Spire         Summoning/Air                4
   f - Summon Ice Beast               Ice/Summoning                4


   Skills:
 + Level 1.7 Dodging
 + Level 1.7 Stealth
 + Level 2.1 Spellcasting
 + Level 3.5 Summonings


You had 2 spell levels left.
You knew the following spells:

 Your Spells              Type           Power        Failure   Level  Hunger
a - Summon Small Mammal   Summ           ##..         6%          1    N/A
b - Call Imp              Summ           ##......     10%         2    N/A

Dungeon Overview and Level Annotations

Branches:
Dungeon (1/15)

Altars:


Innate Abilities, Weirdness & Mutations

You do not eat or drink.
Your flesh is vulnerable to fire.
Your flesh is cold resistant.
You are immune to negative energy.
Your system is resistant to poisons.
You are immune to unholy pain and torment.
You can survive without breathing.


Message History

You hit the jackal.
You kill the jackal!
You completely miss the kobold. The kobold hits you but does no damage.
You barely miss the kobold. The kobold hits you.
You hit the kobold.
You kill the kobold!
You hit the hobgoblin.
The hobgoblin is almost dead.
The hobgoblin hits you with a club.
A hobgoblin comes into view. It is wielding a club.
Casting: Call Imp
Confirm with . or Enter, or press ? or * to list all spells.
The hobgoblin shouts!
The hobgoblin hits you with a club!
* * * LOW HITPOINT WARNING * * *
You barely miss the hobgoblin.
The hobgoblin is almost dead.
Your bat hits the hobgoblin but does no damage.
Your bat barely misses the hobgoblin.
The hobgoblin hits you with a club.
You die...

#..#### #.....† #
##.###. ...
#.)... ###.##.
#####. .......
... ....... #.##
####b....?.##.###
#.@gr..[.g.....
#.##.......##.# #
#.# ....... #.. .
#.# .....%. #.# #
#.# ###.### #.#
#.# .# #.# #.# #
# #.##### #.#
#.#####...... #.#
#.......#####


You could see 2 hobgoblins, a rat and a friendly bat.

Vanquished Creatures
  2 hobgoblins (D:1)
  2 jackals (D:1)
  2 bats (D:1)
  A giant newt (D:1)
  A kobold (D:1)
8 creatures vanquished.

Vanquished Creatures (collateral kills)
  A giant gecko (D:1)
  A bat (D:1)
  A hobgoblin (D:1)
  A kobold (D:1)
  A rat (D:1)
5 creatures vanquished.

Vanquished Creatures (others)
  2 bats (D:1)
  2 rats (D:1)
4 creatures vanquished.

Grand Total: 17 creatures vanquished

Notes
Turn   | Place    | Note
--------------------------------------------------------------
     0 | D:1      | SlimeFever, the Mummy Summoner, began the quest for the Orb.
     0 | D:1      | Reached XP level 1. HP: 13/13 MP: 3/3
   271 | D:1      | Reached XP level 2. HP: 17/19 MP: 2/4
   276 | D:1      | Learned a level 2 spell: Call Imp
   409 | D:1      | Slain by a hobgoblin

Action                   || total
-------------------------++-------
Melee: Unarmed           ||    15
       Whip              ||    35
 Cast: Summon Small Mamm ||    12
       Call Imp          ||     1
 Stab: Distracted        ||     2
